AoeStats
← Zy_Dragneel

Arabian Desert

510650363Analyzed
1v1 RM · 19h ago on Oct 2, 2026· 46m 19s· 2 players
Game mode
Random Map
Map size
Tiny (2 player)
Population
200
Speed
Normal
Resources
Standard
Victory
Conquest
Starting age
Dark Age
Ending age
Imperial Age
RankedLock teamsTeams togetherTeam positionsShared explorationLock speedFull tech treeHidden civsTurbo modeCheats
Victory
Defeat
🇦🇷 Magyars · Argentina
1485
+16
🇦🇺 Burgundians · Australia
1478
-16
DeliManyak
0:39 Loom
9:15 Feudal Age
13:35 Arson
14:03 Double-Bit Axe
15:54 Horse Collar
17:51 Forging
22:00 Castle Age
20:50 Scale Barding Armor
23:11 Chain Barding Armor
32:32 Iron Casting
34:05 Husbandry
42:49 Ballistics
46:37 Fletching
Zy_Dragneel
5:23 Loom
8:38 Feudal Age
10:31 Double-Bit Axe
18:44 Horse Collar
21:17 Castle Age
19:10 Gold Mining
20:23 Bloodlines
21:05 Scale Barding Armor
26:21 Chain Barding Armor
29:34 Town Watch
31:52 Fletching
32:25 Husbandry
39:30 Wheelbarrow
43:21 Imperial Age
41:05 Heavy Plow
42:18 Hand Cart
43:35 Cavalier
44:51 Plate Barding Armor
44:45 Conscription
Connection lost

Rejoining the realm…

Still unreachable

The connection could not be restored.

Session expired

The server has moved on; the page needs a fresh start.